 Dungeon Crawl Stone Soup version 0.24-a0-459-g225fefd530 (webtiles) character file.

Game seed: 3837107465506522571

2016 Gargoyl the Chopper (level 9, 0/74 HPs)
             Began as a Centaur Abyssal Knight on June 29, 2019.
             Was a Priest of Lugonu.
             Slain by a wight
             ... wielding a cursed +2 trident
              (2 damage)
             ... on level 6 of the Dungeon.
             The game lasted 00:12:09 (7979 turns).

Gargoyl the Chopper (Centaur Abyssal Knight)        Turns: 7979, Time: 00:12:11

Health: 0/74       AC:  8    Str: 16    XL:     9   Next: 3%
Magic:  12/12      EV:  9    Int: 11    God:    Lugonu [***...]
Gold:   357        SH:  0    Dex: 11    Spells: 8/8 levels left

rFire    . . .     SeeInvis .   a - +3 hand axe
rCold    . . .     Gourm    .   (no shield)
rNeg     . . .     Faith    .   h - +0 chain mail
rPois    .         Spirit   .   (no helmet)
rElec    +         Reflect  .   i - scarf {repulsion}
rCorr    .         Harm     .   (no gloves)
MR       .....                  (no barding)
Stlth    ..........             (no amulet)
HPRegen  0.22/turn              s - ring of Heipp {rElec EV+4}
MPRegen  0.13/turn              (no ring)

@: heavily drained, repel missiles, very quick
A: large, hooves 3, deformed body, speed 2, tough skin 3
a: Depart the Abyss, Bend Space, Banish, Renounce Religion


You were on level 6 of the Dungeon.
You worshipped Lugonu.
Lugonu was most pleased with you.
You were not hungry.

You visited 1 branch of the dungeon, and saw 6 of its levels.
You visited the Abyss 1 time.
You also visited: Sewer.

You collected 357 gold pieces.

Inventory:

Hand Weapons
 a - a +3 hand axe (weapon)
Armour
 h - a +0 chain mail (worn)
 i - a scarf of repulsion (worn)
Jewellery
 s - the ring of Heipp (left hand) {rElec EV+4}
   (You found it on level 4 of the Dungeon)

   [ring of evasion]

   It affects your evasion (+4).
   It insulates you from electricity.
Wands
 p - a wand of random effects (18)
 t - a wand of digging (5)
Scrolls
 b - 2 scrolls of fog
 f - 3 scrolls of magic mapping
 g - 2 scrolls of blinking
 j - 2 scrolls of remove curse
 k - 2 scrolls of identify
 q - 7 scrolls of teleportation
 r - a scroll of fear
Potions
 d - 2 potions of brilliance
 e - 5 potions of heal wounds
 l - 4 potions of curing
 m - 2 potions of haste
 n - 2 potions of flight {unknown}
 o - a potion of magic {unknown}
 v - a potion of might
Comestibles
 c - 10 rations


   Skills:
 + Level 5.6(3.6) Fighting
 + Level 5.7(3.7) Axes
 * Level 5.2(3.3) Armour
 * Level 3.0(1.2) Dodging
 * Level 5.1(3.1) Invocations


You had 8 spell levels left.
You didn't know any spells.
Your spell library was empty.

Dungeon Overview and Level Annotations

Branches:
Dungeon (6/15)
 Temple: D:4-7

Altars:
Qazlal
Sif Muna

Shops:
D:6 %


Innate Abilities, Weirdness & Mutations

You have hooves in place of feet.
Armour fits poorly on your strangely shaped body.
You cover ground very quickly.
You have extremely tough skin. (AC +3)


Message History

The wight hits you with a cursed +2 trident.
* * * LOW HITPOINT WARNING * * *
Things that are here:
a +0 falchion; a +0 ring mail You completely miss the orc.
You kick the orc.
The orc is heavily wounded.
You hit the wight. You hit the wight but do no damage.
The orc closely misses you. The wight closely misses you.
The wight hits you with a cursed +2 trident.
* * * LOW HITPOINT WARNING * * *
You feel drained.
* * * LOW HITPOINT WARNING * * *
You barely miss the orc.
The orc is heavily wounded.
You hit the wight but do no damage. x2; The orc misses you.
The wight barely misses you.
The wight hits you with a cursed +2 trident.
* * * LOW HITPOINT WARNING * * *
You feel drained.
You die...

..####.....
........... ..#
##.... ####<..##
##.._ #......$# #....
#.###.# ##....
#####)##..# ####..#..
#...#z##.##.##......#
#o@.......##.####.#
#.zz####.#####.####.#
##.# #.##......##.#
#∩ #..#.##.#.##.# .
#..#.##.#.##.# .#
#....##......# .#
##.######.#### .#
###.### #... #.....#
#####


You could see 3 wights and an orc.

Vanquished Creatures
  Grinder (D:3)
  Menkaure (D:6)
  A phantom (D:4)
  2 sky beasts
  An eye of draining (Abyss:1)
  3 ogres
  A centaur (D:4)
  Blork the orc (D:4)
  2 bullfrogs (Sewer)
  A wight (D:6)
  2 hounds
  2 orc priests
  A bullfrog skeleton (D:6)
  A centaur skeleton (D:4)
  2 orc wizards
  An iguana (D:4)
  Natasha (thrice) (D:4)
  4 worker ants
  2 hound skeletons (D:4)
  19 adders
  5 river rats (Sewer)
  A shadow imp (D:6)
  4 worms
  3 leopard geckos
  15 orcs
  4 ball pythons
  2 giant cockroaches
  5 goblins
  2 hobgoblins
  6 kobolds
  A quokka (D:5)
  6 bats
  9 frilled lizards
  A jackal zombie (D:6)
  A leopard gecko skeleton (D:5)
  28 rats
144 creatures vanquished.

Notes
Turn   | Place    | Note
-------+----------+-------------------------------------------
     0 | Abyss:1  | Gargoyl the Centaur Abyssal Knight began the quest for the
                  | Orb.
     0 | Abyss:1  | Reached XP level 1. HP: 19/19 MP: 2/2
    10 | Abyss:1  | Found a transporter.
    12 | Abyss:1  | Noticed a tentacled starspawn
    12 | Abyss:1  | Noticed a water elemental
    13 | Abyss:1  | Found a corrupted altar of Lugonu.
    13 | Abyss:1  | Noticed a snapping turtle
    13 | Abyss:1  | Noticed an ancient zyme
    13 | Abyss:1  | Noticed a tentacled starspawn
    13 | Abyss:1  | Noticed a wretched star
    13 | Abyss:1  | Noticed an ancient zyme
    13 | Abyss:1  | Noticed a deep troll
    14 | Abyss:1  | Noticed a tentacled monstrosity
    14 | Abyss:1  | Noticed a wolf spider zombie
    14 | Abyss:1  | Noticed a starcursed mass
    14 | Abyss:1  | Noticed a sixfirhy
    14 | Abyss:1  | Noticed a hellion
    15 | Abyss:1  | Noticed a wight
    15 | Abyss:1  | Noticed a floating eye
    15 | Abyss:1  | a snapping turtle changed into a floating eye
    17 | Abyss:1  | Noticed a neqoxec
    33 | Abyss:1  | Noticed an eye of draining
    48 | Abyss:1  | Killed an eye of draining
    48 | Abyss:1  | Reached XP level 2. HP: 28/28 MP: 0/3
    48 | Abyss:1  | Reached XP level 3. HP: 34/34 MP: 0/4
    48 | Abyss:1  | Reached XP level 4. HP: 41/41 MP: 0/5
   117 | Abyss:1  | Found a transporter.
   118 | Abyss:1  | Found a corrupted altar of Lugonu.
   118 | Abyss:1  | Noticed a tarantella
   119 | Abyss:1  | Noticed an orange demon
   119 | Abyss:1  | Noticed a fire crab
   119 | Abyss:1  | a tarantella changed into a fire crab
   121 | Abyss:1  | Noticed an acid dragon
   121 | Abyss:1  | Noticed a komodo dragon
   121 | Abyss:1  | a fire crab changed into a komodo dragon
   134 | Abyss:1  | Noticed a smoke demon
   135 | Abyss:1  | Noticed a shadow
   136 | D:1      | Escaped the Abyss
  1247 | D:2      | Reached * piety under Lugonu
  1694 | D:2      | Reached XP level 5. HP: 34/47 MP: 6/6
  1907 | D:2      | Reached skill level 1 in Dodging
  1912 | D:2      | Noticed a sky beast
  1924 | D:2      | Killed a sky beast
  2663 | D:3      | Reached XP level 6. HP: 18/55 MP: 8/8
  2875 | D:3      | Found a stormy altar of Qazlal.
  2875 | D:3      | Noticed Grinder
  2877 | D:3      | Paralysed by Grinder for 7 turns
  2891 | D:3      | Paralysed by Grinder for 6 turns
  2913 | D:3      | Paralysed by Grinder for 2 turns
  3154 | D:4      | Found a glowing drain.
  3194 | Sewer    | Entered a sewer
  3954 | Sewer    | Reached ** piety under Lugonu
  4633 | Sewer    | Reached skill level 5 in Fighting
  4633 | Sewer    | Reached XP level 7. HP: 35/61 MP: 9/9
  5066 | D:3      | Killed Grinder
  5574 | D:4      | Got a steaming pewter ring
  5575 | D:4      | Identified the ring of Heipp {rElec EV+4} (You found it on
                  | level 4 of the Dungeon)
  5723 | D:4      | Noticed Natasha
  5734 | D:4      | Killed Natasha
  5748 | D:4      | Reached *** piety under Lugonu
  5805 | D:4      | Noticed Blork the orc
  5820 | D:4      | Killed Blork the orc
  5820 | D:4      | Reached XP level 8. HP: 42/68 MP: 11/11
  6212 | D:4      | Noticed Natasha
  6224 | D:4      | Killed Natasha
  6445 | D:4      | Noticed Natasha
  6448 | D:4      | Killed Natasha
  6448 | D:4      | Reached skill level 5 in Axes
  6520 | D:5      | Entered Level 5 of the Dungeon
  7512 | D:6      | Reached skill level 5 in Armour
  7516 | D:6      | Found a deep blue altar of Sif Muna.
  7528 | D:6      | Noticed Menkaure
  7539 | D:6      | Killed Menkaure
  7815 | D:6      | Reached skill level 5 in Invocations
  7965 | D:6      | Reached XP level 9. HP: 49/74 MP: 12/12
  7966 | D:6      | Found Laemosine's Food Boutique.
  7979 | D:6      | HP: 2/74 [wight/cursed +2 trident (4)]
  7979 | D:6      | Slain by a wight

Levels and vault maps discovered:
D:1:      eino_arrival_water_cross, layout_basic, ebering_dispersal_statue_hall,
          chequers_serial_rivers_room_a
D:2:      layout_basic
D:3:      layout_basic, grunt_decor_mini_mirrors,
          nicolae_qazlal_general_emergency, uniq_grinder
D:4:      layout_rooms, portal_sewer_entry_d, uniq_natasha, uniq_blork_the_orc
D:5:      layout_cave_pools, first_ration
D:6:      layout_loops_cross, nicolae_ru_great_annihilating_truth, serial_shops,
          shop, basic_altar, uniq_edmund, uniq_menkaure, uniq_eustachio

Skill      XL: |  1  2  3  4  5  6  7  8 |
---------------+-------------------------+-----
Fighting       | 4 5 |  5.6
Axes           | 2 3 4 5 |  5.7
Armour         | 2 3 4 5 |  5.2
Dodging        | 1 2 3 |  3.0
Invocations    | 3 4 5 |  5.1

Action                   |  1- 3 |  4- 6 |  7- 9 || total
-------------------------+-------+-------+-------++-------
Melee: Hand axe          |    11 |   286 |   242 ||   539
       Kick              |     2 |    36 |    50 ||    88
Invok: Depart the Abyss  |       |     1 |       ||     1
       Bend Space        |       |       |     1 ||     1
Evoke: Wand              |       |       |     1 ||     1
  Use: Scroll            |       |    15 |     5 ||    20
       Potion            |       |     5 |     1 ||     6
  Eat: Chunk             |       |    10 |     6 ||    16
       Ration            |       |       |     1 ||     1
Armor: Chain mail        |       |   253 |   109 ||   362
       Leather armour    |       |    21 |       ||    21
       Skin              |       |    15 |       ||    15
Dodge: Dodged            |       |    83 |    97 ||   180
       Deflected         |       |     1 |     5 ||     6

Table legend:
 A = Non-vault XP
 B = Vault XP
 C = Vault XP percentage of total XP
 D = Non-vault monster count
 E = Vault monster count
 F = Vault count percentage of total count
                 A         B        C        D         E       F
            +---------+---------+-------+---------+---------+-------
      Total |    1898 |     982 |  34.1 |      91 |      53 |  36.8
            +---------+---------+-------+---------+---------+-------
        D:1 |      15 |       0 |   0.0 |      11 |       0 |   0.0
        D:2 |     209 |       0 |   0.0 |      17 |       0 |   0.0
        D:3 |      71 |     272 |  79.3 |      16 |       1 |   5.9
        D:4 |     744 |     139 |  15.7 |      19 |       3 |  13.6
        D:5 |     342 |       0 |   0.0 |      15 |       0 |   0.0
        D:6 |     388 |     165 |  29.8 |      12 |       1 |   7.7
    Abyss:1 |     129 |       0 |   0.0 |       1 |       0 |   0.0
      Sewer |       0 |     406 | 100.0 |       0 |      48 | 100.0
            +---------+---------+-------+---------+---------+-------
